 Dungeon Crawl Stone Soup version 0.27-b1-42-g19c61b19a5 (webtiles) character file.

Game seed: 9222308469445360588

11 hawla the Sneak (level 2, 0/18 HPs)
             Began as a Deep Elf Delver on July 29, 2021.
             Was an Initiate of Vehumet.
             Frozen to death by an endoplasm (5 damage)
             ... on level 4 of the Dungeon.
             The game lasted 00:01:42 (526 turns).

hawla the Sneak (Deep Elf Delver)                    Turns: 526, Time: 00:01:43

Health: 0/18       AC:  3    Str:  9    XL:     2   Next: 13%
Magic:  4/4        EV: 12    Int: 14    God:    Vehumet [......]
Gold:   18         SH:  0    Dex: 16    Spells: 1/1 levels left

rFire    . . .     SeeInvis .   a - +0 short sword
rCold    . . .     Faith    .   (no shield)
rNeg     . . .     Spirit   .   b - +0 leather armour
rPois    .         Reflect  .   (no helmet)
rElec    .         Harm     .   (no cloak)
rCorr    .         Rampage  .   (no gloves)
Will     .....                  (no boots)
Stlth    +++.......             (no amulet)
HPRegen  0.06/turn              (no ring)
MPRegen  0.09/turn              (no ring)

@: no status effects
A: no striking features
a: Renounce Religion


You were on level 4 of the Dungeon.
You worshipped Vehumet.
Vehumet was noncommittal.
You visited 2 branches of the dungeon, and saw 3 of its levels.

You collected 18 gold pieces.

Inventory:

Hand Weapons
 a - a +0 short sword (weapon)
Armour
 b - a +0 leather armour (worn)
Wands
 g - a wand of digging (2)
Scrolls
 d - a scroll of magic mapping
Potions
 f - a potion of haste
 h - a potion of curing {unknown}


   Skills:
 + Level 2.5 Fighting
 + Level 2.0 Short Blades
 + Level 2.5 Dodging
 + Level 6.5 Stealth


You had one spell level left.
You didn't know any spells.
Your spell library was empty.

Dungeon Overview and Level Annotations

Branches:
Dungeon (5/15)             Temple (1/1) D:4

Altars:
Ashenzari
Cheibriados
Dithmenos
Elyvilon
Fedhas
Gozag
Hepliaklqana
Kikubaaqudgha
Makhleb
Nemelex Xobeh
Okawaru
Qazlal
Ru
Sif Muna
Trog
Uskayaw
Vehumet
Wu Jian
Yredelemnul
Zin
The Shining One


Message History

(D) Dungeon (T) Temple
Where to? (Enter - Temple @ (x,y), ? - help)
What level of the Dungeon? (default 4, ? - help)
There is a staircase back to the Dungeon here.
You climb upwards.
There is a staircase to the Ecumenical Temple here.
You open the door.
An iguana and a quokka come into view.
The iguana hisses angrily.
The iguana moves out of view.
There is an open door here.
The quokka bites you. The iguana bites you!
Ouch! That really hurt!
* * * LOW HITPOINT WARNING * * *
The quokka bites you.
* * * LOW HITPOINT WARNING * * *
You are too injured to fight recklessly!
As you read the scroll of fear, it crumbles to dust.
You assume a fearsome visage.
The iguana looks frightened!
The quokka looks frightened!
There is an open door here.
You close the door.
You start resting.
An endoplasm comes into view.
The endoplasm quivers.
Aiming: Dig
Press: ? - help, Shift-Dir - straight line The rock shatters into small pieces.
A gnoll comes into view. It is wielding a +0 whip.
A gnoll comes into view. It is wielding a +0 spear.
You open the door.
A gnoll comes into view. It is wielding a +0 flail.
As you read the scroll of fog, it crumbles to dust.
The scroll dissolves into smoke.
As you read the scroll labelled QEIBED BIHEO, it crumbles to dust.
The creatures around you are filled with an inner flame!
It was a scroll of immolation.
The endoplasm freezes you.
You are frozen.
You die...

.....#.#.#.#.#.#.....#+##
... #...................
.. #...#............... .
#...#...............
#..##............... .
#.§#########+#####'# g..
#§§#§§...#..........
.g...#§J#§§r..#..........
.g...§§§@§§...#..........
.....#####....#..........
... ...##...###...# .
...#### ###...# ...#
#...... ...# #...... ...#
##..... ...# #.....
#.....


You could see an endoplasm (inner flame).

Vanquished Creatures
  An adder (D:4)
  A goblin (D:4)
  A kobold (D:4)
3 creatures vanquished.

Notes
Turn   | Place    | Note
-------+----------+-------------------------------------------
     0 | D:5      | hawla the Deep Elf Delver began the quest for the Orb.
     0 | D:5      | Reached XP level 1. HP: 13/13 MP: 3/3
    30 | D:4      | Reached XP level 2. HP: 18/18 MP: 4/4
   100 | D:4      | Found a staircase to the Ecumenical Temple.
   120 | Temple   | Entered the Ecumenical Temple
   471 | Temple   | Became a worshipper of Vehumet
   526 | D:4      | Frozen to death by an endoplasm

Illustrated notes

Levels and vault maps discovered:
D:4:      layout_gridville, minmay_temple_entry_glass, serial_shops,
          kennysheep_mini_moat
D:5:      layout_basic, uniq_ijyb
Temple:   roderic_octagonal_lattice_temple

Action                   || total
-------------------------++-------
Melee: Short sword       ||     3
Evoke: Wand              ||     1
  Use: Scroll            ||     3
 Stab: Sleeping          ||     3
